 Dungeon Crawl Stone Soup version 0.13-a0-1590-g33f0eee (webtiles) character file.

113 Root the Sneak (level 3, -2/16 HPs)
             Began as a Spriggan Enchanter on June 13, 2013.
             Slain by a gnoll
             ... wielding a +0,+0 flail
              (9 damage)
             ... on Level 2 of the Dungeon.
             The game lasted 00:01:59 (1636 turns).

Root the Sneak (Spriggan Enchanter)                 Turns: 1636, Time: 00:01:59

HP  -2/16        AC  3     Str  5      XL: 3   Next: 17%
MP   9/9         EV 18     Int 16      God:
Gold 78          SH  0     Dex 16      Spells:  1 memorised,  3 levels left

Res.Fire  : . . .   See Invis. : +   j - +1,+2 dagger (venom)
Res.Cold  : . . .   Warding    : .   b - +1 robe
Life Prot.: . . .   Conserve   : .   (shield restricted)
Res.Poison: .       Res.Corr.  : .   (helmet restricted)
Res.Elec. : .       Clarity    : .   (no cloak)
Sust.Abil.: . .     Spirit.Shd : .   (gloves unavailable)
Res.Mut.  : .       Stasis     : .   (boots unavailable)
Res.Rott. : .       Flight     : .   (no amulet)
Saprovore : . . .                    (no ring)
                                     (no ring)

@: very quick, slightly resistant to hostile enchantments, quite stealthy
A: unfitting armour, see invisible, herbivore 3, speed 3, slow metabolism 2
a: no special abilities


You were on level 2 of the Dungeon.
You were not hungry.

You visited 1 branch of the dungeon, and saw 2 of its levels.

You collected 58 gold pieces.

Inventory:

Hand weapons
 a - a +1,+1 dagger {=f}
 j - a +1,+2 dagger of venom (weapon)
Missiles
 d - 10 darts (quivered)
Armour
 b - a +1 robe (worn)
Comestibles
 h - a choko
 l - an apple
Scrolls
 f - a scroll of teleportation {unknown}
 g - 4 scrolls of identify {unknown}
 i - 3 scrolls of remove curse {unknown}
 m - a scroll of amnesia {unknown}
 n - a scroll of blinking {unknown}
 o - a scroll of curse weapon {unknown}
Potions
 e - a potion of porridge
 k - a potion of heal wounds {unknown}
Books
 c - a book of Maledictions

   Spells                             Type                      Level
   *Corona                            Hexes                        1
   Sure Blade                         Hexes/Charms                 2
   Ensorcelled Hibernation            Hexes/Ice                    2
   Confuse                            Hexes                        3
   Enslavement                        Hexes                        4
   Invisibility                       Hexes                        6


   Skills:
 + Level 2.5 Short Blades
 - Level 1.1 Throwing
 - Level 3.0 Dodging
 + Level 4.4 Stealth
 - Level 1.3 Spellcasting
 - Level 3.6 Hexes


You had 3 spell levels left.
You knew the following spells:

 Your Spells              Type           Power        Failure   Level  Hunger
a - Corona                Hex            ##.....      8%          1    ##.....


Dungeon Overview and Level Annotations

Branches:
Dungeon (2/27)

Altars:
Cheibriados


Innate Abilities, Weirdness & Mutations

You are tiny and cannot use many weapons and most armour.
You have supernaturally acute eyesight.
You are a herbivore.
You cover ground extremely quickly.
You need consume almost no food.


Message History

You kill the hobgoblin!
You hit the orc.
You kill the orc!
The gnoll picks up an orcish hand axe.
The gnoll throws an orcish hand axe.
The orcish hand axe misses you.
You feel yourself speed up.
Throwing (i - inventory. (,) - cycle):
d - 12 darts (quivered)
Press: ? - help, Shift-Dir - straight line, f - gnoll
Aim: a gnoll, wielding a flail (moderately wounded)
You throw a dart. The dart misses the gnoll.
Throwing (i - inventory. (,) - cycle):
d - 11 darts (quivered)
Press: ? - help, Shift-Dir - straight line, f/p - gnoll
Aim: a gnoll, wielding a flail (moderately wounded)
You throw a dart. The dart hits the gnoll.
The gnoll is moderately wounded.
You hit the gnoll.
The gnoll is poisoned.
The gnoll is heavily wounded.
The gnoll hits you with a flail!
Ouch! That really hurt!
You die...

#.# #.####.# #........... ##.#
#.#....#####.....#####. ...#
#.#..............# #. ...#
#................# ###.
...########....#......#..#.# #>..
##.##......................# #...
#.##.#####.####.######..### #...
#.#...####.# #.#### #..### #...
#.#..%#..>.# #@...# #....# #...
#.....#....# #g...# #....# #...
##..........# #....###....# #...
.....###########(..###%..### #...
...### #)...### #.<.# ###.
...##########....#####...#######.
................(..g....>........
##.###############....../......##
##.# #..%.#........#


You could see a gnoll.

Vanquished Creatures
  A giant gecko (D:1)
  2 oozes (D:1)
  An orc (D:2)
  4 bats
  2 giant cockroaches
  2 goblins (D:2)
  6 hobgoblins
  A ball python (D:2)
  3 giant newts (D:1)
  A kobold (D:1)
  7 rats
30 creatures vanquished.

Notes
Turn   | Place    | Note
--------------------------------------------------------------
     0 | D:1      | Root, the Spriggan Enchanter, began the quest for the Orb.
     0 | D:1      | Reached XP level 1. HP: 9/9 MP: 4/4
   721 | D:1      | Reached XP level 2. HP: 13/13 MP: 6/6
  1048 | D:1      | Reached skill level 4 in Stealth
  1399 | D:2      | Reached XP level 3. HP: 13/16 MP: 9/9
  1594 | D:2      | Found a snail-covered altar of Cheibriados.
  1636 | D:2      | Slain by a gnoll

Action                   || total
-------------------------++-------
Melee: Dagger            ||   106
Throw: Dart              ||     2
 Stab: Distracted        ||     1
       Sleeping          ||     1
